Map: Lost and Found LE

Players

Swatopluke - Winner!

  • Race: Protoss Protoss
  • League: Platinum
  • Spawn Location: 7:00

Yots

  • Race: Zerg Zerg
  • League: Platinum
  • Spawn Location: 1:00

VOD

Have the link to the VOD?

Description

Time

  • Played on: Nov. 12, 2018, 8 p.m.
  • Length: 5:52
Show
View Real Time Build Order
Export as new Build Order

Swatopluke Protoss - Winner!

Build Orders:  

Get SALT Encoding   

  12  0:01  Probe  
  13  0:13  Probe  
  14  0:20  Pylon  
  14  0:25  Probe  
  15  0:35  Probe  
  15  0:38  Gateway  
  16  0:43  Probe  
  17  0:51  Assimilator  
  17  0:53  Probe  
  18  1:04  Gateway  
  18  1:06  Probe  
  19  1:25  Cybernetics Core, Zealot  
  19  1:28  Gateway  
  19  1:29  Probe  
  22  1:46  Pylon  
  22  1:47  Probe  
  22  1:52  Assimilator  
  23  1:59  Zealot  
  23  2:01  Warp Gate  
  23  2:05  Probe  
  26  2:15  Zealot  
  28  2:16  Zealot  
  30  2:26  Twilight Council  
  30  2:39  Pylon  
  30  2:52  Charge  
  30  2:57  Zealot x2  
  34  3:07  Zealot  
  36  3:13  Probe  
  37  3:24  Zealot  
  39  3:52  Nexus  
  39  3:53  Pylon  
  39  4:11  Probe  
  42  4:23  Probe  
  41  4:26  Zealot x3  
  47  4:35  Pylon  
  47  4:37  Pylon  
  47  4:43  Templar Archives  
  47  4:53  Probe  
  46  5:03  Zealot x3  
  48  5:17  Probe x2  
  50  5:24  Zealot  
  50  5:25  High Templar  
  50  5:27  High Templar  
  56  5:29  Probe x2  
Show
View Real Time Build Order
Export as new Build Order

Yots Zerg 

Build Orders: Hatch First 

Get SALT Encoding   

  12  0:01  Drone  
  13  0:13  Overlord  
  13  0:19  Drone  
  14  0:31  Drone x2  
  14  0:35  Drone  
  17  0:54  Hatchery  
  16  0:57  Drone  
  16  1:01  Drone  
  18  1:05  Extractor  
  17  1:19  Spawning Pool  
  17  1:20  Drone  
  17  1:25  Drone  
  17  1:28  Drone  
  19  1:43  Drone  
  20  1:50  Overlord  
  20  2:08  Metabolic Boost  
  20  2:09  Queen x2  
  24  2:17  Drone  
  24  2:18  Drone  
  24  2:19  Drone  
  24  2:22  Drone  
  28  2:39  Drone x2  
  30  2:44  Queen  
  30  2:49  Lair  
  30  2:50  Drone  
  30  2:51  Drone  
  34  3:03  Drone x2  
  36  3:06  Overlord  
  36  3:07  Spine Crawler  
  35  3:20  Drone  
  35  3:22  Overlord  
  36  3:35  Drone x4  
  40  3:42  Roach Warren  
  40  3:45  Evolution Chamber  
  40  3:47  Evolution Chamber  
  37  4:01  Drone  
  37  4:02  Drone x10  
  48  4:04  Extractor  
  48  4:05  Extractor  
  48  4:06  Extractor  
  45  4:22  Roach x2  
  45  4:23  Roach  
  51  4:40  Overlord x2  
  39  5:09  Roach  
  39  5:10  Roach x2  
  39  5:13  Zergling x2  
  39  5:14  Zergling x16  
  46  5:20  Roach  
Tags
 
Add a new tag
Caveats
  • Supply blocks, unpowered buildings, or Contaminate may cause inaccurate times.
  • Supply counts are checked every 10 seconds.